 Dungeon Crawl Stone Soup version 0.30-a0-534-gdc55766716 (webtiles) character file.

Game seed: 11898823704805260326

14 mandarbmax the Slasher (level 2, 0/21 (24) HPs)
             Began as a Barachi Reaver on Dec 24, 2022.
             Frozen to death by an endoplasm (2 damage)
             ... on level 1 of the Dungeon.
             The game lasted 00:00:51 (157 turns).

mandarbmax the Slasher (Barachi Reaver)              Turns: 157, Time: 00:00:51

HP:   0/21 (24)     AC:  5    Str: 13    XL:     2   Next: 45%
MP:   3/5           EV: 10    Int: 13    God:
Gold: 27            SH:  0    Dex: 10    Spells: 4/5 levels left

rFire   . . .      SeeInvis .    a - +0 falchion
rCold   . . .      Faith    .    (no shield)
rNeg    . . .      Spirit   .    c - +0 ring mail
rPois   .          Reflect  .    (no helmet)
rElec   .          Harm     .    (no cloak)
rCorr   .          Rampage  .    (no gloves)
Will    .....                    (no boots) Stlth
                                 (no amulet)
HPRegen 0.23/turn                (no ring)
MPRegen 0.09/turn                (no ring)

@: unable to hop, heavily drained, slow
A: amphibious, slowness 1, strong legs 1, +LOS
a: Hop


You were on level 1 of the Dungeon.
You visited 1 branch of the dungeon, and saw 1 of its levels.

You collected 27 gold pieces.

Inventory:

Hand Weapons
 a - a +0 falchion (weapon)
Armour
 b - a +0 leather armour
 c - a +0 ring mail (worn)


   Skills:
 - Level 3.0 Fighting
 + Level 4.2 Long Blades
 - Level 2.1 Dodging
 - Level 2.1 Spellcasting
 - Level 3.2 Conjurations


You had 4 spell levels left.
You knew the following spells:

 Your Spells              Type           Power      Damage    Failure   Level
a - Kiss of Death         Conj/Necr      20%        2d7       28%         1

Your spell library contained the following spells:

 Spells                   Type           Power      Damage    Failure   Level
 Momentum Strike          Conj/Tloc      10%        3d8       38%         2
 Hailstorm                Conj/Ice       5%         3d4       63%         3


Dungeon Overview and Level Annotations

Branches:
Dungeon (1/15)

Altars:


Innate Abilities, Weirdness & Mutations

You are amphibious.
You cover ground slowly.
You can hop short distances.
You have an extended range of vision and can be seen from far away.


Message History

You kill the gnoll!
You feel drained.
Your life force feels restored.
Training target 3.0 for Fighting reached!
Your Fighting skill increases to level 3!
Your Long Blades skill increases to level 4!
You have reached level 2!
You aren't carrying any scrolls.
You aren't carrying any scrolls.
You aren't carrying any potions.
Hop to where?
Press: ? - help, Dir - move target Boing!
The dart slug launches a dart at you. The slug dart misses you.
The dart slug launches a dart at you. The slug dart hits you.
The goblin attacks as you move away! The goblin hits you with a +0 dagger.
Casting: Kiss of Death (safe; 28% risk of failure)
Confirm with . or Enter, or press ? or * to list all spells.
Aiming: Kiss of Death (safe; 28% risk of failure)
Press: ? - help, Shift-Dir - straight line, f - goblin
Aim: a goblin, wielding a +0 dagger (100% to hit)
The negative energy hits the goblin!
The goblin is drained!
You kill the goblin!
You feel drained. The dart slug launches a dart at you. The slug dart hits you.
* * * LOW HITPOINT WARNING * * *
Unknown command.
You hit the endoplasm.
The endoplasm is heavily wounded.
The endoplasm freezes you.
You are frozen.
* * * LOW HITPOINT WARNING * * *
You hit the endoplasm but do no damage.
The endoplasm is heavily wounded.
The endoplasm freezes you.
You are frozen.
You die...

# #......#
#######....#
#..........#
#..........# ######
#..........####...).
#......[.....>..####
#..........######
#..........#
###@#......# ..
#J#..#.### ....
#....#.#
......##....#.#
.......(w..##.#
.....##.#.###.# ##
... #.#..##.###... .
..##.##.#.... .. .##
#...[..#


You could see a dart slug and an endoplasm.

Vanquished Creatures
  A gnoll (D:1)
  An endoplasm (D:1)
  A goblin (D:1)
  A hobgoblin (D:1)
  A kobold (D:1)
  A rat (D:1)
6 creatures vanquished.

Notes
Turn   | Place    | Note
-------+----------+-------------------------------------------
     0 | D:1      | mandarbmax the Barachi Reaver began the quest for the Orb.
     0 | D:1      | Reached XP level 1. HP: 17/17 MP: 3/3
   140 | D:1      | Reached skill level 4 in Long Blades
   140 | D:1      | Reached XP level 2. HP: 12/24 MP: 3/5
   157 | D:1      | Frozen to death by an endoplasm

Illustrated notes

Levels and vault maps discovered:
D:1:      dpeg_arrival_connections, layout_rooms,
          shapermc_ecumenical_altar_starsandcircs

Skill      XL: |  1 |
---------------+----+-----
Fighting       | 3 |  3.0
Long Blades    | 4 |  4.2
Dodging        | |  2.1
Spellcasting   | |  2.1
Conjurations   | |  3.2

Action                   || total
-------------------------++-------
Melee: Falchion          ||    14
 Cast: Kiss of Death     ||     2
 Abil: Hop               ||     1
 Stab: Sleeping          ||     1
Armor: Ring mail         ||     1
Dodge: Dodged            ||     7

Table legend: (Time is in decaauts)
 A = Elapsed time spent in this place.
 B = Non-inter-level travel time spent in this place.
 C = Inter-level travel time spent in this place.
 D = Time resting spent in this place.
 E = Time spent auto-exploring this place.
 F = Levels seen in this place.
 G = Mean time per level.
                   A        B        C        D        E       F      G
               +--------+--------+--------+--------+--------+-----+--------+
         Total |    174 |    174 |      0 |      0 |     88 |   1 |  174.0 |
       Dungeon |    174 |    174 |      0 |      0 |     88 |   1 |  174.0 |
               +--------+--------+--------+--------+--------+-----+--------+

Top non-repeatable levels by time:
     D:1: 174 daAuts
